AA
OKLAHOMA CITY 89'ERS @ EUREKA SPRINGS ENERGY
06/30/2060
 
TOP OF THE 1ST
Oklahoma City 89'ers batting - Pitching for Eureka Springs Energy : RHP Kent Walker
Pitching: RHP Kent Walker
Batting: RHB Cody Tolley 0-0: Ball
1-0: Ball
2-0: Called Strike
2-1: SINGLE (Popup, 3D, EV 66.9 MPH)
Batting: RHB Roger D'Andrea 0-0: Called Strike
Cody Tolley steals 2nd base
0-1: Ball
1-1: Called Strike
1-2: Ball
2-2: SINGLE (Groundball, 6S, EV 60.6 MPH) (infield hit)
Cody Tolley to third
Batting: RHB Andy Reece 0-0: Called Strike
Roger D'Andrea steals 2nd base
Balk!
Cody Tolley scores
Roger D'Andrea to third
0-1: Foul Ball, location: 2F
0-2: Ball
1-2: Ball
2-2: Foul Ball, location: 2F
2-2: Reached on error, E5 (Groundball, 56, EV 81.9 MPH)
Roger D'Andrea scores
Batting: LHB Adrien Davis 0-0: SINGLE (Groundball, 34D, EV 106.9 MPH)
Andy Reece to second
Runner from 2nd tries for 3rd, SAFE, throw by RF made to third
Batting: RHB Joseph Skehan 0-0: Called Strike
Adrien Davis is caught stealing 2nd base 2-4
0-1: Ball
1-1: Ball
2-1: Foul Ball, location: 2F
2-2: Ball
3-2: Foul Ball, location: 2F
3-2: Fly out, F7 (Flyball, 7D, EV 76.9 MPH)
Runner from 3rd tags up, SCORES, throw by LF
Batting: LHB Alvan Goldsmith 0-0: Foul Ball, location: 2F
0-1: Ball
1-1: Fly out, F9 (Flyball, 9D, EV 83.8 MPH)
Top of the 1st over - 3 runs, 3 hits, 1 error, 0 left on base; Oklahoma City 3 - Eureka Springs 0
BOTTOM OF THE 1ST
Eureka Springs Energy batting - Pitching for Oklahoma City 89'ers : RHP Peter Nuckolls
Pitching: RHP Peter Nuckolls
Batting: LHB Chad Fritz 0-0: Ball
1-0: Ball
2-0: Called Strike
2-1: Ball
3-1: Base on Balls
Batting: SHB Jeremy Arth 0-0: Ball
1-0: Swinging Strike
1-1: Ball
2-1: Called Strike
2-2: Strikes out swinging
Batting: RHB Isaac Mead 0-0: Foul Ball, location: 2F
0-1: Foul Ball, location: 2F
0-2: Ball
1-2: Ball
2-2: Strikes out swinging
Batting: LHB Tristan Janis 0-0: Swinging Strike
0-1: Foul Ball, location: 2F
0-2: Foul Ball, location: 2F
0-2: Fly out, F5 (Flyball, 56D, EV 84.4 MPH)
Bottom of the 1st over - 0 runs, 0 hits, 0 errors, 1 left on base; Oklahoma City 3 - Eureka Springs 0
TOP OF THE 2ND
Oklahoma City 89'ers batting - Pitching for Eureka Springs Energy : RHP Kent Walker
Batting: RHB Logan Michalski 0-0: Ball
1-0: Ball
2-0: Ground out 4-3 (Groundball, 4, EV 103.8 MPH)
Batting: RHB J.R. Foley 0-0: Foul Ball, location: 2F
0-1: Ball
1-1: Foul Ball, location: 2F
1-2: Ball
2-2: SINGLE (Line Drive, 7S, EV 107.5 MPH)
Batting: SHB Sage Reinisch 0-0: Swinging Strike
0-1: Ball
1-1: Ball
2-1: Ball
3-1: Fly out, F9 (Flyball, 89M, EV 92.5 MPH)
Batting: RHB Cody Tolley 0-0: Ball
J.R. Foley is caught stealing 2nd base 2-4
Top of the 2nd over - 0 runs, 1 hit, 0 errors, 0 left on base; Oklahoma City 3 - Eureka Springs 0
BOTTOM OF THE 2ND
Eureka Springs Energy batting - Pitching for Oklahoma City 89'ers : RHP Peter Nuckolls
Batting: RHB Terry Scott 0-0: Ball
1-0: SINGLE (Line Drive, 6MD, EV 98.8 MPH)
Batting: RHB Stefan Lehn 0-0: Foul Ball, location: 2F
0-1: Ball
1-1: Ball
2-1: Called Strike
2-2: Strikes out swinging
Batting: RHB Orion Rivera 0-0: Ball
1-0: Fly out, F8 (Flyball, 8LD, EV 94.4 MPH)
Batting: RHB Liam Wroten 0-0: Ball
1-0: Foul Ball, location: 2F
1-1: Foul Ball, location: 2F
1-2: Fielders Choice at 2nd, U4 (Groundball, 4M, EV 91.2 MPH)
Bottom of the 2nd over - 0 runs, 1 hit, 0 errors, 1 left on base; Oklahoma City 3 - Eureka Springs 0
TOP OF THE 3RD
Oklahoma City 89'ers batting - Pitching for Eureka Springs Energy : RHP Kent Walker
Batting: RHB Cody Tolley 0-0: Called Strike
0-1: Ball
1-1: Ball
2-1: Foul Ball, location: 2F
2-2: Strikes out swinging
Batting: RHB Roger D'Andrea 0-0: Called Strike
0-1: Ball
1-1: Foul Ball, location: 2F
1-2: Strikes out swinging
Batting: RHB Andy Reece 0-0: Fly out, F4 (Popup, 13, EV 76.9 MPH)
Top of the 3rd over - 0 runs, 0 hits, 0 errors, 0 left on base; Oklahoma City 3 - Eureka Springs 0
BOTTOM OF THE 3RD
Eureka Springs Energy batting - Pitching for Oklahoma City 89'ers : RHP Peter Nuckolls
Batting: RHB Kentarious Peckham 0-0: Called Strike
0-1: Foul Ball, location: 2F
0-2: Foul Ball, location: 2F
0-2: Strikes out swinging
Batting: LHB Chad Fritz 0-0: Ball
1-0: Ball
2-0: Called Strike
2-1: Swinging Strike
2-2: Foul Ball, location: 2F
2-2: Ball
3-2: Foul Ball, location: 2F
3-2: SINGLE (Groundball, 4M, EV 106.9 MPH) (infield hit)
Batting: SHB Jeremy Arth 0-0: Ball
1-0: Ball
2-0: Swinging Strike
2-1: Called Strike
2-2: Strikes out looking
Batting: RHB Isaac Mead 0-0: Ball
Chad Fritz is caught stealing 2nd base 2-4
Bottom of the 3rd over - 0 runs, 1 hit, 0 errors, 0 left on base; Oklahoma City 3 - Eureka Springs 0
TOP OF THE 4TH
Oklahoma City 89'ers batting - Pitching for Eureka Springs Energy : RHP Kent Walker
Batting: LHB Adrien Davis 0-0: Called Strike
0-1: Foul Ball, location: 2F
0-2: Ball
1-2: Strikes out looking
Batting: RHB Joseph Skehan 0-0: Ball
1-0: Ball
2-0: Ball
3-0: Called Strike
3-1: Base on Balls
Batting: LHB Alvan Goldsmith 0-0: Called Strike
0-1: Foul Ball, location: 2F
0-2: Ball
1-2: Foul Ball, location: 2F
1-2: Strikes out swinging
Batting: RHB Logan Michalski 0-0: Ball
1-0: Ball
2-0: Ball
3-0: Base on Balls
Joseph Skehan to second
Batting: RHB J.R. Foley 0-0: Called Strike
0-1: Ground out 4-3 (Groundball, 4, EV 86.9 MPH)
Top of the 4th over - 0 runs, 0 hits, 0 errors, 2 left on base; Oklahoma City 3 - Eureka Springs 0
BOTTOM OF THE 4TH
Eureka Springs Energy batting - Pitching for Oklahoma City 89'ers : RHP Peter Nuckolls
Batting: RHB Isaac Mead 0-0: Hit by Pitch
Batting: LHB Tristan Janis 0-0: Ball
1-0: Foul Ball, location: 2F
1-1: Swinging Strike
1-2: Strikes out swinging
Batting: RHB Terry Scott 0-0: Ball
1-0: Foul Ball, location: 2F
1-1: Grounds into double play, 6-4-3 (Groundball, 6, EV 87.5 MPH)
Bottom of the 4th over - 0 runs, 0 hits, 0 errors, 0 left on base; Oklahoma City 3 - Eureka Springs 0
TOP OF THE 5TH
Oklahoma City 89'ers batting - Pitching for Eureka Springs Energy : RHP Kent Walker
Batting: SHB Sage Reinisch 0-0: Called Strike
0-1: Ball
1-1: Foul Ball, location: 2F
1-2: SINGLE (Groundball, 34D, EV 103.1 MPH)
Batting: RHB Cody Tolley 0-0: Called Strike
0-1: Ball
1-1: Called Strike
1-2: Foul Ball, location: 2F
1-2: Fielders Choice at 2nd, 4-6 (Groundball, P, EV 88.8 MPH)
Batting: RHB Roger D'Andrea 0-0: Ball
1-0: Swinging Strike
1-1: Ball
2-1: Called Strike
2-2: SINGLE (Groundball, 56D, EV 105.6 MPH) (infield hit)
Cody Tolley to second
Batting: RHB Andy Reece 0-0: Ball
1-0: Grounds into double play, 5-4-3 (Groundball, 56S, EV 85.0 MPH)
Top of the 5th over - 0 runs, 2 hits, 0 errors, 1 left on base; Oklahoma City 3 - Eureka Springs 0
BOTTOM OF THE 5TH
Eureka Springs Energy batting - Pitching for Oklahoma City 89'ers : RHP Peter Nuckolls
Batting: RHB Stefan Lehn 0-0: Called Strike
0-1: Foul Ball, location: 2F
0-2: Fly out, F9 (Flyball, 9S, EV 90.0 MPH)
Batting: RHB Orion Rivera 0-0: Ball
1-0: SINGLE (Groundball, 23, EV 74.4 MPH) (infield hit)
Batting: RHB Liam Wroten 0-0: Ball
1-0: Ball
2-0: Ball
3-0: Called Strike
3-1: Base on Balls
Orion Rivera to second
Batting: RHB Kentarious Peckham 0-0: Ball
1-0: Foul Ball, location: 2F
1-1: Foul Ball, location: 2F
1-2: Foul Ball, location: 2F
1-2: Ball
2-2: Foul Ball, location: 2F
2-2: Grounds into double play, 6-4-3 (Groundball, 6, EV 101.2 MPH)
Bottom of the 5th over - 0 runs, 1 hit, 0 errors, 1 left on base; Oklahoma City 3 - Eureka Springs 0
TOP OF THE 6TH
Oklahoma City 89'ers batting - Pitching for Eureka Springs Energy : RHP Kent Walker
Batting: LHB Adrien Davis 0-0: Ball
1-0: Ball
2-0: Swinging Strike
2-1: Foul Ball, location: 2F
2-2: Ball
3-2: Base on Balls
Pitching: RHP Mike Reppert
Batting: RHB Joseph Skehan 0-0: SINGLE (Groundball, 4MD, EV 106.2 MPH)
Adrien Davis to second
Runner from 2nd tries for 3rd, OUT! 8-5
Joseph Skehan to second
Batting: LHB Alvan Goldsmith 0-0: Ball
1-0: Called Strike
1-1: Swinging Strike
1-2: Strikes out swinging
Batting: RHB Logan Michalski 0-0: Called Strike
0-1: DOUBLE (Flyball, 8RXD, EV 101.2 MPH)
Joseph Skehan scores
Batting: RHB J.R. Foley 0-0: Ball
1-0: Ground out 5-3 (Groundball, 5S, EV 71.2 MPH)
Top of the 6th over - 1 run, 2 hits, 0 errors, 1 left on base; Oklahoma City 4 - Eureka Springs 0
BOTTOM OF THE 6TH
Eureka Springs Energy batting - Pitching for Oklahoma City 89'ers : RHP Peter Nuckolls
Batting: LHB Chad Fritz 0-0: Swinging Strike
0-1: Ground out U3 (Groundball, 3, EV 104.4 MPH)
Batting: SHB Jeremy Arth 0-0: Ball
1-0: Foul Ball, location: 2F
1-1: Ball
2-1: Swinging Strike
2-2: Strikes out looking
Batting: RHB Isaac Mead 0-0: Ball
1-0: Called Strike
1-1: Foul Ball, location: 2F
1-2: Ball
2-2: Foul Ball, location: 2F
2-2: Strikes out looking
Bottom of the 6th over - 0 runs, 0 hits, 0 errors, 0 left on base; Oklahoma City 4 - Eureka Springs 0
TOP OF THE 7TH
Oklahoma City 89'ers batting - Pitching for Eureka Springs Energy : RHP Mike Reppert
Batting: SHB Sage Reinisch 0-0: Called Strike
0-1: Called Strike
0-2: Foul Ball, location: 2F
0-2: Ball
1-2: Ball
2-2: Strikes out swinging
Batting: RHB Cody Tolley 0-0: Called Strike
0-1: DOUBLE (Flyball, 78XD, EV 110.6 MPH)
Batting: RHB Roger D'Andrea 0-0: Ball
Cody Tolley steals 3rd base (no throw)
1-0: DOUBLE (Line Drive, 7LM, EV 101.2 MPH)
Cody Tolley scores
Batting: RHB Andy Reece 0-0: Called Strike
0-1: Ball
1-1: Called Strike
Roger D'Andrea steals 3rd base
1-2: Foul Ball, location: 2F
1-2: SINGLE (Groundball, 13S, EV 70.0 MPH) (infield hit)
Batting: LHB Adrien Davis 0-0: Fielders Choice at 2nd, 4-6 (Groundball, 4, EV 88.1 MPH)
Roger D'Andrea scores
Pitching: LHP Cole Oliver
Batting: RHB Joseph Skehan 0-0: Ball
1-0: Ball
2-0: Foul Ball, location: 2F
2-1: SINGLE (Groundball, 4MD, EV 96.9 MPH)
Adrien Davis to second
Runner from 2nd tries for 3rd, SAFE, throw by CF made to third
Batting: LHB Alvan Goldsmith 0-0: Ball
1-0: Swinging Strike
1-1: Ball
2-1: Foul Ball, location: 2F
2-2: Foul Ball, location: 2F
2-2: Foul Ball, location: 2F
2-2: Strikes out swinging
Top of the 7th over - 2 runs, 4 hits, 0 errors, 2 left on base; Oklahoma City 6 - Eureka Springs 0
BOTTOM OF THE 7TH
Eureka Springs Energy batting - Pitching for Oklahoma City 89'ers : RHP Peter Nuckolls
Batting: LHB Tristan Janis 0-0: Ball
1-0: Ground out 6-3 (Groundball, 6, EV 85.6 MPH)
Batting: RHB Terry Scott 0-0: Ball
1-0: SINGLE (Line Drive, 7S, EV 103.8 MPH)
Batting: RHB Stefan Lehn 0-0: 2-RUN HOME RUN (Flyball, 9D, EV 98.1 MPH), Distance : 360 ft
Batting: RHB Orion Rivera 0-0: Called Strike
0-1: DOUBLE (Flyball, 89XD, EV 109.4 MPH)
Batting: RHB Liam Wroten 0-0: Ball
1-0: Ball
2-0: Foul Ball, location: 2F
2-1: Called Strike
2-2: Strikes out swinging
Pitching: RHP Julian Dickson
Pinch Hitting: RHB Billy Thweatt 0-0: Called Strike
0-1: Ball
1-1: DOUBLE (Line Drive, 7LD, EV 100.6 MPH)
Orion Rivera scores
Batting: LHB Chad Fritz 0-0: Ball
1-0: Called Strike
1-1: Swinging Strike
1-2: Ball
2-2: Ball
3-2: Strikes out looking
Bottom of the 7th over - 3 runs, 4 hits, 0 errors, 1 left on base; Oklahoma City 6 - Eureka Springs 3
TOP OF THE 8TH
Oklahoma City 89'ers batting - Pitching for Eureka Springs Energy : LHP Cole Oliver
Now at SS: Jalen Gattuso
Batting: RHB Logan Michalski 0-0: Ball
1-0: Ball
2-0: Hit by Pitch
Pinch Runner at 1st Shannon Cox:
Batting: RHB J.R. Foley 0-0: Ball
1-0: Sac Bunt to 13S - play at first, batter OUT! 1-3
Shannon Cox to second
Batting: SHB Sage Reinisch 0-0: Ball
1-0: Ball
2-0: Swinging Strike
2-1: Swinging Strike
2-2: Strikes out swinging
Batting: RHB Cody Tolley 0-0: Ball
1-0: Ball
2-0: Ball
3-0: Base on Balls
Pitching: LHP James Hartnett
Batting: RHB Roger D'Andrea 0-0: Ball
1-0: Foul Ball, location: 2F
1-1: Foul Ball, location: 2F
1-2: Foul Ball, location: 2F
1-2: Foul Ball, location: 2F
1-2: Ball
2-2: Foul Ball, location: 2F
2-2: Foul Ball, location: 2F
2-2: DOUBLE (Flyball, 8LXD, EV 101.9 MPH)
Shannon Cox scores
Cody Tolley to third
Runner from 3rd tries for Home, SAFE, no throw by CF
Batting: RHB Andy Reece 0-0: Foul Ball, location: 2F
0-1: Fly out, F9 (Line Drive, 89D, EV 106.9 MPH)
Top of the 8th over - 2 runs, 1 hit, 0 errors, 1 left on base; Oklahoma City 8 - Eureka Springs 3
BOTTOM OF THE 8TH
Eureka Springs Energy batting - Pitching for Oklahoma City 89'ers : RHP Julian Dickson
Now at 3B: Sage Reinisch
Now at SS: Roger D'Andrea
Now in CF: Shannon Cox
Batting: SHB Jeremy Arth 0-0: Ball
1-0: Ball
2-0: Foul Ball, location: 2F
2-1: Ground out 4-3 (Groundball, 4, EV 88.1 MPH)
Batting: RHB Isaac Mead 0-0: Foul Ball, location: 2F
0-1: Foul Ball, location: 2F
0-2: Fly out, F7 (Line Drive, 7D, EV 98.1 MPH)
Batting: LHB Tristan Janis 0-0: Ball
1-0: Ball
2-0: Called Strike
2-1: Ball
3-1: Swinging Strike
3-2: Foul Ball, location: 2F
3-2: Strikes out swinging
Bottom of the 8th over - 0 runs, 0 hits, 0 errors, 0 left on base; Oklahoma City 8 - Eureka Springs 3
TOP OF THE 9TH
Oklahoma City 89'ers batting - Pitching for Eureka Springs Energy : LHP James Hartnett
Batting: LHB Adrien Davis 0-0: Called Strike
0-1: Swinging Strike
0-2: Ball
1-2: Ball
2-2: Ball
3-2: SINGLE (Groundball, P, EV 78.8 MPH) (infield hit)
Batting: RHB Joseph Skehan 0-0: Ball
1-0: Called Strike
1-1: Ball
2-1: Swinging Strike
2-2: Foul Ball, location: 2F
2-2: Ball
3-2: Strikes out swinging
Batting: LHB Alvan Goldsmith 0-0: Called Strike
0-1: Foul Ball, location: 2F
0-2: Ball
1-2: Ball
2-2: Strikes out swinging
Pitching: RHP Ethan McKay
Batting: RHB Shannon Cox 0-0: Ball
Adrien Davis is caught stealing 2nd base 2-4
Top of the 9th over - 0 runs, 1 hit, 0 errors, 0 left on base; Oklahoma City 8 - Eureka Springs 3
BOTTOM OF THE 9TH
Eureka Springs Energy batting - Pitching for Oklahoma City 89'ers : RHP Julian Dickson
Batting: RHB Terry Scott 0-0: Foul Ball, location: 2F
0-1: Called Strike
0-2: Strikes out swinging
Batting: RHB Stefan Lehn 0-0: Ball
1-0: Ball
2-0: Swinging Strike
2-1: Ball
3-1: Called Strike
3-2: Foul Ball, location: 2F
3-2: Fly out, F3 (Popup, 3SF, EV 78.8 MPH)
Batting: RHB Orion Rivera 0-0: Ball
1-0: Called Strike
1-1: Swinging Strike
1-2: Foul Ball, location: 2F
1-2: Strikes out looking
Bottom of the 9th over - 0 runs, 0 hits, 0 errors, 0 left on base; Oklahoma City 8 - Eureka Springs 3
Monday, May 13th , 2024 - OOTP Baseball 23.10 Build 110